 Dungeon Crawl Stone Soup version 0.26-a0-663-g36e8fdb655 (webtiles) character file.

Game seed: 1888157323292826786

105 sahdkjhfkaj the Covert (level 4, -3/21 HPs)
             Began as a Spriggan Enchanter on Oct 11, 2020.
             Slain by a mummy (13 damage)
             ... in an ossuary.
             The game lasted 00:05:39 (2113 turns).

sahdkjhfkaj the Covert (Spriggan Enchanter)         Turns: 2113, Time: 00:05:39

Health: -3/21      AC:  2    Str:  4    XL:     4   Next: 53%
Magic:  9/9        EV: 18    Int: 16    God:
Gold:   59         SH:  5    Dex: 17    Spells: 5/8 levels left

rFire    . . .     SeeInvis +   a - +1 dagger
rCold    + . .     Faith    .   (shield restricted)
rNeg     . . .     Spirit   .   b - +0 robe
rPois    .         Reflect  +   (helmet restricted)
rElec    .         Harm     .   (no cloak)
rCorr    .         Rampage  .   (gloves unavailable)
MR       .....                  (boots unavailable)
Stlth    ++++......             d - amulet of reflection
HPRegen  0.07/turn              f - ring of protection from cold
MPRegen  0.11/turn              (no ring)

@: very quick
A: very small, unfitting armour, see invisible, speed 3
a: no special abilities


You were in an ossuary.
You visited 1 branch of the dungeon, and saw 4 of its levels.
You also visited: Ossuary.

You collected 59 gold pieces.

Inventory:

Hand Weapons
 a - a +1 dagger (weapon)
Armour
 b - a +0 robe (worn)
Jewellery
 d - an amulet of reflection (around neck)
 f - a ring of protection from cold (left hand)
 i - a cursed ring of attention {unknown}
Scrolls
 c - a scroll of fear
 g - a scroll of remove curse
Potions
 e - a potion of brilliance {unknown}
 h - 3 potions of curing


   Skills:
 - Level 1.1 Short Blades
 - Level 3.0 Dodging
 + Level 8.3 Stealth
 - Level 2.6 Spellcasting
 - Level 3.6 Hexes


You had 5 spell levels left.
You knew the following spells:

 Your Spells              Type           Power        Failure   Level
a - Corona                Hex            ##.....      4%          1
b - Ensorcelled Hibernat  Hex/Ice        #.....       14%         2

Your spell library contained the following spells:

 Spells                   Type           Power        Failure   Level
 Confusing Touch          Hex            ##......     13%         3
 Tukima's Dance           Hex            ##......     13%         3
 Dazzling Flash           Conj/Hex       #.....       28%         3


Dungeon Overview and Level Annotations

Branches:
Dungeon (4/15)            Ossuary (1/1)
 Temple: D:4-7

Altars:
Trog

Annotations:
D:2 Robin
D:4 Menkaure


Innate Abilities, Weirdness & Mutations

You are very small and have problems with some larger weapons.
You are too small for most types of armour.
You have supernaturally acute eyesight. (SInv)
You cover ground extremely quickly.


Message History

You hit the mummy but do no damage.
The mummy is lightly damaged.
The goblin zombie closely misses you. The mummy barely misses you.
You hit the mummy but do no damage.
The mummy is lightly damaged.
The mummy closely misses you. The mummy hits you.
The goblin zombie hits you but does no damage.
You hit the mummy.
The mummy is lightly damaged.
The mummy barely misses you. The mummy hits you.
The goblin zombie completely misses you.
You hit the mummy.
The mummy is lightly damaged.
The mummy hits you.
* * * LOW HITPOINT WARNING * * *
You hit the mummy.
The mummy is moderately damaged.
You block the goblin zombie's attack. The mummy hits you!
Ouch! That really hurt!
You die...

#########'''#####
..................
................^.
#..###..###..###..# #..
#..#!#..#?# .#
#+#..#+#..#'#..#'#..# #
#.#..#.#..#.#..#.#..#.#
..........^MZ...........
............@M..........
###......###M.....####. #.
+...8...#.#...8...+
#..####......#'#......##
#............#.#.....^...^
#.........................
#..####.####.....####.#### #.
#.'..#?'...8...'.#..+ ..#
#..####.####.....####.####..#


You could see 3 mummies and a goblin zombie.

Vanquished Creatures
  2 worker ants (D:4)
  A howler monkey zombie (D:3)
  An adder (D:4)
  A leopard gecko (D:1)
  An orc (D:3)
  A bat (D:1)
  A giant cockroach (D:3)
  2 goblins
  4 hobgoblins
  4 kobolds
  A ball python (D:1)
  2 frilled lizards
  3 goblin zombies (Ossuary)
  2 hobgoblin zombies (Ossuary)
  A kobold zombie (Ossuary)
  11 rats
38 creatures vanquished.

Vanquished Creatures (others)
  A withered plant (D:2)
1 creature vanquished.

Grand Total: 39 creatures vanquished

Notes
Turn   | Place    | Note
-------+----------+-------------------------------------------
     0 | D:1      | sahdkjhfkaj the Spriggan Enchanter began the quest for the
                  | Orb.
     0 | D:1      | Reached XP level 1. HP: 9/9 MP: 5/5
    30 | D:2      | Noticed Robin
    79 | D:1      | Reached skill level 5 in Stealth
   376 | D:1      | Reached XP level 2. HP: 9/13 MP: 6/6
   479 | D:1      | Learned a level 2 spell: Ensorcelled Hibernation
   618 | D:1      | Reached skill level 6 in Stealth
  1048 | D:3      | Reached XP level 3. HP: 12/16 MP: 8/8
  1227 | D:3      | Found a bloodstained altar of Trog.
  1649 | D:4      | Reached skill level 7 in Stealth
  1662 | D:4      | Reached skill level 8 in Stealth
  1662 | D:4      | Reached XP level 4. HP: 21/21 MP: 9/9
  1675 | D:4      | Noticed Menkaure
  1740 | D:4      | Noticed an ogre
  1761 | D:4      | Found a sand-covered staircase.
  1765 | Ossuary  | Entered an ossuary
  1765 | Ossuary  | Noticed a wraith
  1765 | Ossuary  | Noticed a wraith
  1765 | Ossuary  | Noticed a wraith
  2113 | Ossuary  | Slain by a mummy

Illustrated notes

Levels and vault maps discovered:
D:1:      tarquinn_simple_flora_water_d, layout_rooms, minmay_rat_gold_closets
D:2:      layout_rooms, kiku_gazebo_garden_becter, serial_bayou_pond_a,
          minmay_parallelograms, uniq_robin, uniq_sigmund
D:3:      layout_rooms, lightli_temple_of_fire, grunt_ministairs_10
D:4:      layout_cave_pools, enter_ossuary_5, uniq_crazy_yiuf_cottage,
          uniq_menkaure
Ossuary:  ossuary_kennysheep_city_of_the_dead

Skill      XL: |  1  2  3 |
---------------+----------+-----
Stealth        | 5 6 8 |  8.3
Short Blades   | |  1.1
Dodging        | |  3.0
Spellcasting   | |  2.6
Hexes          | |  3.6

Action                   |  1- 3 |  4- 6 || total
-------------------------+-------+-------++-------
Melee: Dagger            |   116 |    48 ||   164
 Cast: Ensorcelled Hiber |    12 |     1 ||    13
  Use: Scroll            |     3 |     4 ||     7
 Stab: Sleeping          |    19 |     3 ||    22
Armor: Robe              |    13 |     2 ||    15
Dodge: Dodged            |    84 |    33 ||   117
Block: Other             |    15 |     7 ||    22

Table legend: (Time is in decaauts)
 A = Elapsed time spent in this place.
 B = Non-inter-level travel time spent in this place.
 C = Inter-level travel time spent in this place.
 D = Time resting spent in this place.
 E = Time spent auto-exploring this place.
 F = Levels seen in this place.
 G = Mean time per level.
                   A        B        C        D        E       F      G
               +--------+--------+--------+--------+--------+-----+--------+
         Total |   1744 |   1740 |      4 |    834 |    262 |   5 |  348.8 |
       Dungeon |   1486 |   1482 |      4 |    788 |    262 |   4 |  371.5 |
       Ossuary |    258 |    258 |      0 |     45 |      0 |   1 |  258.0 |
               +--------+--------+--------+--------+--------+-----+--------+

Top non-repeatable levels by time:
     D:1: 845 daAuts
     D:3: 484 daAuts
 Ossuary: 258 daAuts
     D:2: 79 daAuts
     D:4: 77 daAuts
